 Dungeon Crawl Stone Soup version 0.23.2-1-ga50397a (webtiles) character file.

Game seed: 9233183585142870771

36965 Fang the Fighter (level 13, -1/132 HPs)
             Began as a Gargoyle Berserker on May 9, 2019.
             Was a High Priest of Trog.
             Splashed by an oklob plant's acid (14 damage)
             ... on level 5 of the Lair of Beasts.
             The game lasted 00:19:19 (15663 turns).

Fang the Fighter (Gargoyle Berserker)              Turns: 15663, Time: 00:19:19

Health: -1/132     AC: 18    Str: 35    XL:     13   Next: 93%
Magic:  0/13       EV: 13    Int: 10    God:    Trog [*****.]
Gold:   1061       SH:  0    Dex:  9    Spells: 12/12 levels left

rFire    . . .     SeeInvis +   y - +10 battleaxe of World Downfall {drain, *Corrode Str+4 Int+2}
rCold    . . .     Gourm    +   (shield currently unavailable)
rNeg     + . .     Faith    .   b - +2 plate armour
rPois    ∞         Spirit   +   k - +1 hat {SInv}
rElec    +         Reflect  .   v - scarf {Spirit}
rCorr    .         Harm     .   (no gloves)
MR       ++...                  (no boots)
Stlth    ..........             e - amulet of the gourmand
HPRegen  1.32/turn              H - +2 ring of protection
MPRegen  0.13/turn              C - ring of flight

@: berserking, corroded, regenerating, very quick
A: negative energy resistance 1, electricity resistance, unbreathing,
petrification resistance, rot immunity, AC +9
a: Berserk, Trog's Hand, Brothers in Arms, Renounce Religion, Evoke Flight


You were on level 5 of the Lair of Beasts.
You worshipped Trog.
Trog was extremely pleased with you.
You were very full.

You visited 4 branches of the dungeon, and saw 19 of its levels.

You collected 1061 gold pieces.

Inventory:

Hand Weapons
 a - a +5 war axe
 y - the +10 battleaxe of World Downfall (weapon) {drain, *Corrode Str+4 Int+2}
   (Trog gifted it to you on level 1 of the Lair of Beasts)

   A truly terrible weapon, it drains the life of those it strikes.
   It affects your strength (+4).
   It affects your intelligence (+2).
   It may corrode you when you take damage.
Armour
 b - a +2 plate armour (worn)
 k - a +1 hat of see invisible (worn)
 v - a scarf of spirit shield (worn)
 I - a +2 helmet of intelligence
Jewellery
 e - an amulet of the gourmand (around neck)
 C - a ring of flight (right hand)
 H - a +2 ring of protection (left hand)
Wands
 j - a wand of random effects (9)
 l - a wand of scattershot (10)
 t - a wand of flame (52)
 w - a wand of disintegration (23)
 z - a wand of iceblast (7)
 D - a wand of acid (8)
 K - a wand of enslavement (9)
Scrolls
 d - 2 scrolls of blinking
 f - 2 scrolls of magic mapping
 g - 3 scrolls of identify
 n - 7 scrolls of teleportation
 o - 8 scrolls of remove curse
 q - a scroll of fear
 r - 2 scrolls of fog
Potions
 h - 3 potions of curing
 i - a potion of heal wounds
 m - a potion of ambrosia
 p - a potion of invisibility
 s - 6 potions of might
 u - 2 potions of berserk rage
 x - 4 potions of flight
 A - 3 potions of mutation
 B - a potion of cancellation
 E - a potion of agility
 F - 2 potions of haste
 G - a potion of resistance
Comestibles
 c - 35 rations


   Skills:
 + Level 13.1 Fighting
 + Level 11.2 Axes
 + Level 12.8 Armour
 + Level 10.2 Dodging


You had 12 spell levels left.
You didn't know any spells.
Your spell library was empty.

Dungeon Overview and Level Annotations

Branches:
Dungeon (12/15)            Temple (1/1) D:5            Lair (5/6) D:9
 Shoals (0/4) Lair:4        Snake (1/4) Lair:3          Orc (0/2) D:11
  Slime: Lair:5-6

Altars:
Ashenzari
Dithmenos
Kikubaaqudgha
Nemelex Xobeh
Ru
Xom
Zin
Jiyva

Shops:
D:7 :

Portals:
Trove: D:12 (give 2 scrolls of acquirement)

Annotations:
D:11 1 runed translucent door, IBeShadow's ghost, journeyman DDFi
Lair:2 3 runed translucent doors, Arulac's ghost, journeyman OpFi
Lair:5 exclusion: 4 oklob plants


Innate Abilities, Weirdness & Mutations

You are resistant to torment.
Your stone body is resilient. (AC +9)
You are immune to poison.
You resist negative energy. (rN+)
You are resistant to electric shocks. (rElec)
You can survive without breathing.
You are immune to petrification.
You are immune to rotting.


Message History

The acid corrodes you!
You are splashed with acid!
The oklob plant spits acid at you. The splash of acid hits you!
The acid corrodes you!
You are splashed with acid!
You feel a strong urge to attack something.
You slash the oklob plant!
The oklob plant is moderately damaged.
The oklob plant spits acid at you. The splash of acid hits you.
You are splashed with acid!
The oklob plant spits acid at you. The splash of acid hits you.
* * * LOW HITPOINT WARNING * * *
You are splashed with acid!
* * * LOW HITPOINT WARNING * * *
You slash the oklob plant!
The oklob plant is severely damaged.
The oklob plant spits acid at you. The splash of acid hits you!
* * * LOW HITPOINT WARNING * * *
You are splashed with acid!
You die...

.. ..... .#.##....
....#.#.#######
........P$$.$.#
........P).P[$#
........P!=P$(#
.........?$..P# ..
......P.....@P.[$#
..
........##..#######
.##..... ##..†..#
#...... #....#.##
....... ##...#...#
........##...#...P#
.............##..##
##.#....##...###.##
.#.......#.....#..#


You could see 4 oklob plants.

Vanquished Creatures
  Gastronok (D:10)
  Snorg (D:12)
  Fannar (Lair:1)
  3 hydras
  Harold (Lair:1)
  3 death yaks (Lair:4)
  A manticore (Lair:4)
  2 ugly things
  A guardian serpent (Lair:3)
  Joseph (D:7)
  4 elephants (Lair:4)
  A gargoyle (D:10)
  4 black mambas
  2 centaur skeletons (D:12)
  4 komodo dragons
  4 spiny frogs
  A torpor snail (Lair:3)
  6 rime drakes
  Grinder (D:5)
  4 slime creatures (D:12)
  5 blink frogs (Lair:3)
  9 hippogriffs
  A snapping turtle (Lair:4)
  18 yaks
  A spriggan (D:11)
  11 wyverns
  A water elemental (D:11)
  2 hungry ghosts (D:9)
  7 basilisks
  4 vampire mosquitoes
  Menkaure (D:5)
  3 wargs (D:9)
  7 water moccasins
  10 porcupines
  2 ice beasts
  An eye of draining (D:9)
  5 sky beasts
  6 orc warriors
  A black bear (D:10)
  9 ogres
  A phantom (D:11)
  15 centaurs
  3 big kobolds
  8 crocodiles
  15 bullfrogs
  2 scorpions
  5 killer bees (D:7)
  3 vampire bats (D:4)
  5 wights (D:9)
  2 howler monkeys (D:12)
  3 electric eels
  4 crimson imps
  5 hounds
  12 orc priests
  A jelly (D:10)
  3 bullfrog skeletons
  A centaur zombie (D:7)
  3 iguanas
  13 orc wizards
  7 worker ants
  2 hound skeletons
  A worker ant zombie (D:11)
  Robin (D:2)
  2 howler monkey skeletons
  6 adders
  2 shadow imps
  An ooze (D:2)
  An adder zombie (D:9)
  6 worms
  3 dart slugs
  The ghost of withersans the Sneak, a weakling SpAs (D:3)
  7 leopard geckos
  54 orcs
  7 bats
  4 bat skeletons (D:4)
  A bat zombie (D:4)
  8 giant cockroaches
  6 goblins
  16 hobgoblins
  A jackal (D:3)
  5 quokkas
  5 ball pythons
  6 frilled lizards
  14 kobolds
  A leopard gecko zombie (D:7)
  8 rats
  A fungus (Lair:4)
  4 plants
435 creatures vanquished.

Vanquished Creatures (collateral kills)
  A hydra (D:11)
  A wyvern (D:11)
  A centaur (D:11)
  An orc priest (D:8)
  9 orcs (D:8)
13 creatures vanquished.

Vanquished Creatures (others)
  7 fungi
  4 plants
11 creatures vanquished.

Grand Total: 459 creatures vanquished

Notes
Turn   | Place    | Note
-------+----------+-------------------------------------------
     0 | D:1      | Fang the Gargoyle Berserker began the quest for the Orb.
     0 | D:1      | Reached XP level 1. HP: 14/14 MP: 1/1
   187 | D:1      | Reached XP level 2. HP: 15/19 MP: 2/2
   423 | D:1      | Reached ** piety under Trog
   562 | D:1      | Found a shattered altar of Ashenzari.
   616 | D:2      | Reached XP level 3. HP: 13/23 MP: 3/3
   990 | D:2      | Noticed Robin
  1002 | D:2      | Killed Robin
  1002 | D:2      | Reached XP level 4. HP: 21/29 MP: 4/4
  1190 | D:2      | Found a shimmering altar of Xom.
  1599 | D:2      | Reached skill level 4 in Fighting
  2102 | D:3      | Reached *** piety under Trog
  2327 | D:3      | Noticed withersans's ghost (weakling SpAs)
  2335 | D:3      | Found a transporter.
  2344 | D:3      | Found a transporter.
  2349 | D:3      | Noticed an orc warrior
  2352 | D:3      | Received a gift from Trog
  2358 | D:3      | Killed an orc warrior
  2358 | D:3      | Reached XP level 5. HP: 30/34 MP: 5/5
  2363 | D:3      | Reached XP level 6. HP: 32/39 MP: 6/6
  2553 | D:3      | Killed withersans's ghost
  3367 | D:4      | Reached skill level 5 in Fighting
  3439 | D:4      | Reached XP level 7. HP: 32/44 MP: 7/7
  3933 | D:4      | Found an ancient bone altar of Kikubaaqudgha.
  3951 | D:4      | Reached skill level 5 in Armour
  4234 | D:5      | Entered Level 5 of the Dungeon
  4235 | D:5      | Noticed Menkaure
  4242 | D:5      | Killed Menkaure
  4242 | D:5      | Reached XP level 8. HP: 51/51 MP: 8/8
  4337 | D:5      | Reached skill level 6 in Fighting
  4337 | D:5      | Reached skill level 5 in Axes
  4396 | D:5      | Found a staircase to the Ecumenical Temple.
  4444 | Temple   | Entered the Ecumenical Temple
  4489 | D:5      | Noticed Grinder
  4516 | D:5      | Killed Grinder
  4879 | D:6      | Reached **** piety under Trog
  4937 | D:6      | Reached skill level 7 in Fighting
  4937 | D:6      | Reached XP level 9. HP: 57/57 MP: 9/9
  5005 | D:6      | Found a sparkling altar of Nemelex Xobeh.
  5226 | D:7      | Reached skill level 5 in Dodging
  6224 | D:7      | Noticed Joseph
  6242 | D:7      | Killed Joseph
  6242 | D:7      | Reached skill level 8 in Fighting
  6252 | D:7      | Reached XP level 10. HP: 35/64 MP: 10/10
  6656 | D:7      | Found Nulleqai's Book Emporium.
  6920 | D:8      | Found a glowing silver altar of Zin.
  6961 | D:8      | Reached ***** piety under Trog
  7527 | D:9      | Found a staircase to the Lair.
  7537 | D:9      | Reached skill level 9 in Fighting
  7804 | D:9      | Found a shadowy altar of Dithmenos.
  8274 | D:9      | Reached XP level 11. HP: 67/71 MP: 11/11
  8314 | D:9      | Found a sacrificial altar of Ru.
  8330 | D:9      | Paralysed by fainting for 5 turns
  8533 | D:10     | Entered Level 10 of the Dungeon
  8821 | D:10     | Noticed Gastronok
  8836 | D:10     | Killed Gastronok
  8836 | D:10     | Received a gift from Trog
  8836 | D:10     | Reached skill level 10 in Fighting
  9246 | D:11     | Noticed a purple ugly thing
  9255 | D:11     | Killed a purple ugly thing
  9357 | D:11     | Reached skill level 10 in Armour
  9490 | D:11     | Found a runed translucent door.
  9491 | D:11     | Noticed IBeShadow's ghost (journeyman DDFi)
  9528 | D:11     | Noticed an eight-headed hydra
  9532 | D:11     | Killed an eight-headed hydra
  9920 | D:11     | Found a staircase to the Orcish Mines.
 10426 | D:12     | Noticed Snorg
 10678 | D:12     | Killed Snorg
 10728 | D:12     | Noticed a cyan ugly thing
 10737 | D:12     | Reached XP level 12. HP: 78/79 MP: 9/12
 10762 | D:12     | Reached skill level 11 in Fighting
 11288 | D:12     | Found a portal to a secret trove of treasure.
 11716 | Lair:1   | Entered Level 1 of the Lair of Beasts
 11839 | Lair:1   | Noticed Fannar
 11861 | Lair:1   | Killed Fannar
 12024 | Lair:1   | Noticed Harold
 12025 | Lair:1   | Received a gift from Trog
 12054 | Lair:1   | Killed Harold
 12060 | Lair:1   | Got a shimmering battleaxe {god gift}
 12061 | Lair:1   | Identified the +10 battleaxe of World Downfall {drain,
                  | *Corrode Str+4 Int+2} (Trog gifted it to you on level 1 of
                  | the Lair of Beasts)
 12192 | Lair:1   | Noticed a five-headed hydra
 12198 | Lair:1   | Reached skill level 10 in Axes
 12202 | Lair:1   | Killed a ten-headed hydra
 12834 | Lair:2   | Found a runed translucent gate.
 12834 | Lair:2   | Found a runed translucent gate.
 12834 | Lair:2   | Found a runed translucent gate.
 12834 | Lair:2   | Noticed Arulac's ghost (journeyman OpFi)
 12836 | Lair:2   | Found a viscous altar of Jiyva.
 13213 | Lair:2   | Reached skill level 12 in Fighting
 13221 | Lair:2   | Noticed a five-headed hydra
 13232 | Lair:2   | Killed a ten-headed hydra
 13232 | Lair:2   | Reached XP level 13. HP: 78/86 MP: 7/13
 13605 | Lair:3   | Found a staircase to the Snake Pit.
 14309 | Snake:1  | Entered Level 1 of the Snake Pit
 14386 | Lair:4   | Received a gift from Trog
 14754 | Lair:4   | Reached skill level 10 in Dodging
 15013 | Lair:4   | Reached ****** piety under Trog
 15014 | Lair:4   | Reached skill level 13 in Fighting
 15164 | Lair:4   | Found a staircase to the Shoals.
 15663 | Lair:5   | Splashed by an oklob plant's acid

Skill      XL: |  1  2  3  4  5  6  7  8  9 10 11 12 13 |
---------------+----------------------------------------+-----
Axes           | 3 4 5 6 8 9 10 11 | 11.2
Dodging        | 2 3 4 5 7 8 9 10 | 10.2
Armour         | 3 4 5 6 7 9 10 11 12 | 12.8
Fighting       | 4 5 7 8 9 10 12 13 | 13.1

Action                   |  1- 3 |  4- 6 |  7- 9 | 10-12 | 13-15 || total
-------------------------+-------+-------+-------+-------+-------++-------
Melee: Hand axe          |   120 |   223 |   362 |       |       ||   705
       War axe           |       |       |    43 |   636 |       ||   679
       Battleaxe         |       |       |       |    50 |   178 ||   228
Invok: Berserk           |       |     4 |     6 |    11 |     3 ||    24
       Brothers in Arms  |       |       |       |     2 |       ||     2
       Trog's Hand       |       |       |       |     1 |     1 ||     2
  Use: Scroll            |       |       |       |    33 |     3 ||    36
       Potion            |       |       |       |     2 |       ||     2
 Stab: Sleeping          |       |     1 |       |       |       ||     1
  Eat: Chunk             |       |    12 |    13 |    50 |    10 ||    85
       Ration            |       |       |       |     2 |       ||     2
Armor: Animal skin       |    43 |    40 |       |       |       ||    83
       Plate armour      |       |    87 |   376 |   610 |   218 ||  1291
Dodge: Dodged            |    91 |   104 |   249 |   392 |   157 ||   993
